Map: Ascension to Aiur LE

Players

ivicaos

  • Race: Terran Terran
  • League: Platinum
  • Spawn Location: 5:00

eXile - Winner!

  • Race: Zerg Zerg
  • League: Platinum
  • Spawn Location: 11:00

VOD

Have the link to the VOD?

Description

Time

  • Played on: May 29, 2017, 4:50 p.m.
  • Length: 4:51
Show
View Real Time Build Order
Export as new Build Order

ivicaos Terran 

Build Orders:  

Get SALT Encoding   

  12  0:02  SCV  
  13  0:14  SCV  
  14  0:22  Supply Depot  
  14  0:26  SCV  
  15  0:43  SCV  
  15  0:46  Barracks  
  16  0:50  Refinery  
  16  0:56  SCV  
  17  1:05  Supply Depot  
  17  1:08  SCV  
  18  1:20  SCV  
  19  1:29  Refinery  
  19  1:32  SCV  
  20  1:34  Supply Depot  
  20  1:47  SCV  
  21  1:59  Command Center  
  21  2:07  SCV  
  22  2:20  Factory  
  22  2:26  Orbital Command  
  22  2:42  Barracks Reactor  
  22  2:56  SCV  
  23  3:04  Factory Reactor  
  23  3:08  SCV  
  23  3:11  Starport  
  24  3:13  Barracks  
  24  3:19  Orbital Command  
  24  3:24  SCV  
  25  3:27  Marine x2  
  27  3:36  SCV  
  28  3:42  Widow Mine  
  28  3:43  Widow Mine  
  28  3:47  Marine x2  
  28  3:48  SCV  
  35  3:49  SCV  
  36  4:00  SCV, Starport Reactor  
  36  4:02  SCV  
  38  4:04  Barracks, Barracks Tech Lab  
  38  4:12  SCV  
  38  4:14  Barracks  
  38  4:15  Widow Mine x2  
  43  4:25  Marauder, Marine x2  
Show
View Real Time Build Order
Export as new Build Order

eXile Zerg - Winner!

Build Orders: Hatch First 

Get SALT Encoding   

  12  0:01  Drone  
  13  0:13  Overlord  
  13  0:18  Drone  
  14  0:32  Drone x2  
  16  0:36  Drone  
  17  0:54  Hatchery  
  16  0:58  Drone  
  16  1:01  Extractor  
  16  1:05  Drone  
  17  1:23  Spawning Pool  
  17  1:25  Drone x2  
  18  1:28  Drone  
  19  1:41  Overlord  
  19  1:51  Drone  
  20  2:00  Drone  
  21  2:09  Drone  
  21  2:10  Metabolic Boost  
  21  2:11  Queen  
  21  2:14  Queen  
  26  2:25  Zergling x6  
  29  2:30  Drone  
  30  2:37  Baneling Nest  
  30  2:42  Drone  
  30  2:43  Drone  
  31  2:50  Drone x2  
  33  3:06  Evolution Chamber  
  33  3:08  Zergling x6  
  33  3:09  Pneumatized Carapace  
  33  3:12  Overlord  
  35  3:37  Drone x5  
  40  3:43  Drone x3  
  43  3:50  Lair, Extractor  
  43  3:53  Extractor  
  43  3:54  Extractor  
  40  4:05  Drone x2  
  40  4:06  Hatchery, Drone x2  
  43  4:29  Drone  
  43  4:30  Overlord x3  
Tags
 
Add a new tag
Caveats
  • Supply blocks, unpowered buildings, or Contaminate may cause inaccurate times.
  • Supply counts are checked every 10 seconds.